 Dungeon Crawl Stone Soup version 0.19-a0-1861-g35def1e (webtiles) character file.

11387 Arkorax the Basher (level 11, -10/73 HPs)
             Began as a Gargoyle Berserker on Oct 12, 2016.
             Was an Elder of Trog.
             Killed from afar by an ice dragon (35 damage)
             ... with a blast of cold
             ... on level 9 of the Dungeon.
             The game lasted 00:12:44 (8746 turns).

Arkorax the Basher (Gargoyle Berserker)             Turns: 8746, Time: 00:12:45

Health: -10/73     AC: 29    Str: 24    XL:     11   Next: 76%
Magic:  11/11      EV:  7    Int:  8    God:    Trog [****..]
Gold:   593        SH: 13    Dex:  9    Spells: 0 memorised, 10 levels left

rFire  + . .     SeeInvis .     u - +1 flail (protect)
rCold  . . .     Gourm    +     a - +2 chain mail {rF+}
rNeg   + . .     Faith    .     k - +1 shield
rPois  ∞         Spirit   .     N - +1 hat
rElec  +         Dismiss  .     F - +1 cloak
rCorr  .         Reflect  .     I - +0 pair of gloves
MR     ++...     Harm     .     (no boots)
Stlth  ..........               A - amulet of the gourmand
                                (no ring)
                                (no ring)

@: exhausted, protection aura, regenerating, slowed, very slow
A: negative energy resistance 1, electricity resistance, unbreathing,
petrification resistance, rot immunity, AC +7
a: Berserk, Trog's Hand, Brothers in Arms, Burn Spellbooks, Renounce Religion


You were on level 9 of the Dungeon.
You worshipped Trog.
Trog was greatly pleased with you.
You were very full.

You visited 1 branch of the dungeon, and saw 9 of its levels.

You collected 593 gold pieces.

Inventory:

Hand Weapons
 c - a +0 flail
 u - a +1 flail of protection (weapon)
   (You took it off an orc on level 6 of the Dungeon)
 x - a +2 whip of flaming
   (You took it off Pikel on level 6 of the Dungeon)
Missiles
 O - 8 curare-tipped needles
Armour
 a - a +2 chain mail of fire resistance (worn)
   (You took it off an orc on level 4 of the Dungeon)
 k - a +1 shield (worn)
 o - a +0 helmet
 F - a +1 cloak (worn)
 I - a +0 pair of gloves (worn)
 N - a +1 hat (worn)
 S - a +0 plate armour
Jewellery
 A - an amulet of the gourmand (around neck)
Wands
 r - a wand of lightning (8/15)
 v - a wand of paralysis (0/24)
 y - a wand of lightning (8/15)
 G - a wand of flame (24/48)
 H - a wand of flame (29/48)
 M - a wand of paralysis (9/24)
Scrolls
 e - 2 scrolls of fear {!r}
 f - 9 scrolls of identify
 g - 3 scrolls of teleportation {!r}
 j - 2 scrolls of enchant weapon {unknown}
 B - a scroll of summoning {unknown}
 C - 2 scrolls of magic mapping {unknown}
 J - a scroll of enchant armour
 L - 2 scrolls of remove curse
 R - a scroll of recharging {unknown}
Potions
 d - a potion of brilliance {!q}
 h - 3 potions of curing
 i - a potion of cancellation {unknown}
 p - 2 potions of lignification {unknown}
 q - 2 potions of might {unknown}
 s - 5 potions of degeneration {unknown}
 t - 2 potions of mutation {unknown}
 w - a potion of berserk rage {unknown}
 E - a potion of resistance {unknown}
 K - a potion of heal wounds {!q}
Books
 D - a book of Callings
Comestibles
 b - 6 bread rations {!e}
 l - 8 meat rations {!e}
 m - 5 beef jerkies
 n - 25 fruits
 z - a royal jelly
 P - 4 chunks of flesh
 Q - 6 slices of pizza


   Skills:
 + Level 10.5 Fighting
 * Level 13.0 Maces & Flails
 - Level 2.6 Armour
 - Level 1.5 Dodging
 + Level 9.8 Shields


You had 10 spell levels left.
You didn't know any spells.

Dungeon Overview and Level Annotations

Branches:
Dungeon (9/15)             Temple (0/1) D:5
   Lair: D:8-11         Orc: D:9-12

Altars:
Elyvilon
Gozag


Innate Abilities, Weirdness & Mutations

You are resistant to torment.
Your stone body is resilient. (AC +7)
You are immune to poison.
You resist negative energy. (rN+)
You are resistant to electric shocks. (rElec)
You can survive without breathing.
You are immune to petrification.
You are immune to rotting.


Message History

The ice dragon breathes frost at you. The blast of cold hits you!
Things that are here:
a hydra corpse; a fire crab corpse; Damage: 19 (max 19) Unknown command.
You hit the ice dragon.
The ice dragon is lightly wounded.
The ice dragon closely misses you.
The ice dragon claws you but does no damage.
The ice dragon barely misses you.
You closely miss the ice dragon.
The ice dragon is lightly wounded.
Unknown command.
You thump the ice dragon!
The ice dragon is moderately wounded.
The ice dragon bites you but does no damage.
You block the ice dragon's attack. x2
You sock the ice dragon!
The ice dragon is heavily wounded.
You are no longer berserk.
You are exhausted.
You feel yourself slow down.
Damage: 25 (max 25)
You barely miss the ice dragon.
The ice dragon is heavily wounded.
You block the ice dragon's attack.
The ice dragon claws you but does no damage.
The ice dragon tramples you but does no damage.
The ice dragon breathes frost at you. The blast of cold hits you!
* * * LOW HITPOINT WARNING * * *
Damage: 24 (max 25)
You hit the ice dragon but do no damage.
The ice dragon is heavily wounded.
You feel the effects of Trog's Hand fading.
The ice dragon bites you but does no damage.
You block the ice dragon's attack. The ice dragon closely misses you.
You hit the ice dragon.
The ice dragon is heavily wounded.
The ice dragon bites you.
* * * LOW HITPOINT WARNING * * *
The ice dragon claws you but does no damage.
You block the ice dragon's attack.
Unknown command.
Damage: 3 (max 25)
You hit the ice dragon but do no damage.
The ice dragon is heavily wounded.
The ice dragon breathes frost at you. The blast of cold hits you!
You die...

####
######$|##
#...##[\:#
#.##@#OD)#
#.###D####
####.###.##
##.#...###.#
#....#..##.#
#..#...#...#
#..#########
#.........#
#......[..#


You could see 2 ice dragons and an ogre mage.

Vanquished Creatures
  A sphinx (D:9)
  Gastronok (D:8)
  2 hydras
  A fire crab (D:9)
  A glowing orange brain (D:9)
  Pikel (D:6)
  Joseph (D:8)
  2 centaur skeletons
  A troll (D:6)
  2 dream sheep (D:8)
  A hippogriff (D:8)
  Grum (D:8)
  2 yaks (D:8)
  An ice beast (D:6)
  4 orc warriors
  2 sky beasts
  Purgy (D:3)
  A phantom (D:4)
  A slave (D:6)
  2 wolves (D:8)
  3 centaurs
  2 ogres
  A crocodile (D:9)
  3 big kobolds (D:8)
  Blork the orc (D:4)
  4 bullfrogs
  A gnoll sergeant (D:8)
  A wyvern zombie (D:7)
  A scorpion (D:5)
  9 killer bees (D:8)
  2 howler monkeys
  4 crimson imps
  A hound (D:5)
  4 bullfrog skeletons
  2 orc priests
  An iguana (D:8)
  7 orc wizards
  Natasha (thrice) (D:3)
  6 worker ants
  A hound zombie (D:7)
  2 worker ant zombies
  10 gnolls
  9 adders
  2 adder zombies
  4 dart slugs
  6 leopard geckos
  44 orcs
  2 giant cockroaches
  6 goblins
  5 hobgoblins
  8 jackals
  3 quokkas
  A ball python (D:4)
  5 bats
  3 frilled lizards
  A jackal skeleton (D:4)
  5 kobolds
  7 rats
209 creatures vanquished.

Vanquished Creatures (collateral kills)
  A slime creature (D:9)
  A wolf (D:8)
  A scorpion (D:8)
  A hound (D:8)
4 creatures vanquished.

Vanquished Creatures (others)
  A slave (D:6)
1 creature vanquished.

Grand Total: 214 creatures vanquished

Notes
Turn   | Place    | Note
-------+----------+-------------------------------------------
     0 | D:1      | Arkorax the Gargoyle Berserker began the quest for the Orb.
     0 | D:1      | Reached XP level 1. HP: 14/14 MP: 1/1
   375 | D:1      | Reached XP level 2. HP: 19/19 MP: 2/2
   989 | D:2      | Reached XP level 3. HP: 22/23 MP: 3/3
  1039 | D:2      | Reached ** piety under Trog
  1150 | D:2      | Reached skill level 1 in Shields
  1689 | D:3      | Found a white marble altar of Elyvilon.
  1817 | D:3      | Noticed Natasha
  1841 | D:3      | Killed Natasha
  1841 | D:3      | Reached skill level 4 in Fighting
  1841 | D:3      | Reached XP level 4. HP: 29/29 MP: 4/4
  1878 | D:3      | Reached skill level 4 in Maces & Flails
  1878 | D:3      | Reached skill level 2 in Shields
  2031 | D:3      | Noticed Natasha
  2043 | D:3      | Killed Natasha
  2043 | D:3      | Reached XP level 5. HP: 18/33 MP: 5/5
  2389 | D:3      | Noticed Purgy
  2410 | D:3      | Killed Purgy
  2410 | D:3      | Reached XP level 6. HP: 23/39 MP: 6/6
  2585 | D:3      | Noticed Natasha
  2608 | D:3      | Killed Natasha
  2608 | D:3      | Reached skill level 5 in Maces & Flails
  2784 | D:4      | Reached skill level 3 in Shields
  2988 | D:4      | Noticed a phantom
  3017 | D:4      | Reached skill level 5 in Fighting
  3030 | D:4      | Reached XP level 7. HP: 22/44 MP: 7/7
  3039 | D:4      | HP: 11/44 [phantom (5)]
  3041 | D:4      | HP: 5/44 [phantom (1)]
  3052 | D:4      | HP: 9/44 [phantom (1)]
  3305 | D:4      | Found an opulent altar of Gozag.
  3354 | D:4      | Noticed Blork the orc
  3371 | D:4      | Killed Blork the orc
  3371 | D:4      | Reached skill level 6 in Maces & Flails
  3611 | D:4      | Reached skill level 4 in Shields
  3928 | D:4      | You fall through a shaft!
  3928 | D:5      | Entered Level 5 of the Dungeon
  3979 | D:5      | Found a staircase to the Ecumenical Temple.
  4095 | D:5      | Reached XP level 8. HP: 33/51 MP: 8/8
  4641 | D:5      | Reached skill level 6 in Fighting
  4641 | D:5      | Reached skill level 7 in Maces & Flails
  4854 | D:6      | Reached *** piety under Trog
  4870 | D:6      | HP: 9/52 [orc warrior/long sword (8)]
  4878 | D:6      | HP: 7/78 [orc warrior/long sword (17)]
  4879 | D:6      | Reached skill level 5 in Shields
  5393 | D:6      | Paralysed by a centaur for 6 turns
  5400 | D:6      | Paralysed by a centaur for 3 turns
  5404 | D:6      | Paralysed by a centaur for 6 turns
  5416 | D:6      | Reached skill level 8 in Maces & Flails
  5596 | D:6      | Noticed Pikel
  5626 | D:6      | Killed Pikel
  5626 | D:6      | Reached skill level 7 in Fighting
  5626 | D:6      | Reached skill level 6 in Shields
  5626 | D:6      | Reached XP level 9. HP: 57/57 MP: 9/9
  5990 | D:6      | Noticed a troll
  6000 | D:6      | Reached skill level 9 in Maces & Flails
  6005 | D:6      | Killed a troll
  6129 | D:6      | You fall through a shaft!
  6474 | D:7      | Reached skill level 8 in Fighting
  6483 | D:7      | Reached **** piety under Trog
  6641 | D:7      | Reached skill level 7 in Shields
  6714 | D:7      | Reached skill level 10 in Maces & Flails
  7019 | D:8      | Reached XP level 10. HP: 61/64 MP: 10/10
  7070 | D:8      | Noticed Joseph
  7074 | D:8      | Noticed Grum
  7085 | D:8      | Killed Joseph
  7105 | D:8      | Killed Grum
  7836 | D:8      | Noticed Gastronok
  7860 | D:8      | Killed Gastronok
  7860 | D:8      | Reached skill level 9 in Fighting
  7860 | D:8      | Reached skill level 11 in Maces & Flails
  7860 | D:8      | Reached skill level 8 in Shields
  8034 | D:8      | Reached XP level 11. HP: 45/71 MP: 11/11
  8193 | D:8      | Noticed a three-headed hydra
  8199 | D:8      | Killed a three-headed hydra
  8199 | D:8      | Reached skill level 12 in Maces & Flails
  8199 | D:8      | Reached skill level 9 in Shields
  8691 | D:9      | Found a runed door.
  8691 | D:9      | Noticed an ice dragon
  8691 | D:9      | Noticed an eight-headed hydra
  8693 | D:9      | Noticed a glowing orange brain
  8693 | D:9      | Noticed a fire crab
  8693 | D:9      | Noticed an ice dragon
  8693 | D:9      | Noticed an ogre mage
  8693 | D:9      | Noticed a sphinx
  8712 | D:9      | Reached skill level 10 in Fighting
  8719 | D:9      | Killed a fire crab
  8725 | D:9      | Killed an eight-headed hydra
  8730 | D:9      | Killed a sphinx
  8737 | D:9      | Killed a glowing orange brain
  8737 | D:9      | Reached skill level 13 in Maces & Flails
  8746 | D:9      | Killed from afar by an ice dragon

Vault maps used:
D:1:      erik_arrival_triangle_medium
D:2:      serial_glass, glass_columns_b, glass_columns_c, glass_columns_a,
          glass_columns_c, glass_columns_b, glass_columns_a, glass_columns_b,
          glass_columns_a, minivault_24, kennysheep_decorative_pillar
D:3:      elyvilon_altar_4, uniq_natasha, uniq_purgy
D:4:      nicolae_gozag_cash_rules_everything_around_me, uniq_blork_the_orc
D:5:      first_bread, kennysheep_small_circle
D:6:      uniq_pikel
D:8:      hangedman_ranch, uniq_gastronok, uniq_grum, uniq_joseph
D:9:      minmay_gate_of_8, trog_book

Skill      XL: |  1  2  3  4  5  6  7  8  9 10 11 |
---------------+----------------------------------+-----
Shields        | 1 2 3 4 6 7 8 9 |  9.8
Fighting       | 4 5 7 8 9 10 | 10.5
Maces & Flails | 4 5 6 8 10 11 13 | 13.0
Armour         | |  2.6
Dodging        | |  1.5

Action                   |  1- 3 |  4- 6 |  7- 9 | 10-12 || total
-------------------------+-------+-------+-------+-------++-------
Melee: Mace              |    22 |       |       |       ||    22
       Whip              |   181 |   169 |    46 |       ||   396
       Flail             |       |       |   493 |   302 ||   795
Invok: Berserk           |     1 |     3 |     4 |     5 ||    13
       Trog's Hand       |     1 |     1 |     5 |     4 ||    11
       Burn Spellbooks   |       |       |     1 |     1 ||     2
       Brothers in Arms  |       |       |       |     2 ||     2
  Use: Scroll            |     5 |       |     8 |       ||    13
 Stab: Distracted        |       |       |       |     1 ||     1
  Eat: Chunk             |     2 |     4 |    25 |    12 ||    43
       Bread ration      |       |     1 |     1 |       ||     2
Armor: Animal skin       |    30 |       |       |       ||    30
       Chain mail        |    83 |   128 |   293 |   184 ||   688
Dodge: Dodged            |    57 |    49 |    97 |    84 ||   287
Block: Shield            |    81 |    83 |   288 |   209 ||   661

Table legend:
 A = Turns spent in this place as a percentage of turns spent in the entire game.
 B = Non-inter-level travel turns spent in this place as a percentage of non-inter-level travel turns spent in the entire game.
 C = Inter-level travel turns spent in this place as a percentage of turns spent in this place.
 D = Turns resting spent in this place as a percentage of non-inter-level travel turns spent in this place.
 E = Turns spent auto-exploring this place as a percentage of non-inter-level travel turns spent in this place.
 F = Non-inter-level travel turns spent in this place divided by the number of levels of this place that you've seen.
                   A       B       C       D       E      F
               +-------+-------+-------+-------+-------+----------------------
         Total | 100.0 | 100.0 |   0.3 |   1.5 |   8.4 | 397.2
       Dungeon | 100.0 | 100.0 |   0.3 |   1.5 |   8.4 | 397.2
               +-------+-------+-------+-------+-------+----------------------

Vault maps used:
D:1:      erik_arrival_triangle_medium
D:2:      serial_glass, glass_columns_b, glass_columns_c, glass_columns_a,
          glass_columns_c, glass_columns_b, glass_columns_a, glass_columns_b,
          glass_columns_a, minivault_24, kennysheep_decorative_pillar
D:3:      elyvilon_altar_4, uniq_natasha, uniq_purgy
D:4:      nicolae_gozag_cash_rules_everything_around_me, uniq_blork_the_orc
D:5:      first_bread, kennysheep_small_circle
D:6:      uniq_pikel
D:8:      hangedman_ranch, uniq_gastronok, uniq_grum, uniq_joseph
D:9:      minmay_gate_of_8, trog_book
